 Dungeon Crawl Stone Soup version 0.31.0-12-g77e489cdc1 (webtiles) character file.

Game seed: 14259983453549242109

5109 PaiMei the Scholar of Death (level 10, -1/118 HPs)
             Began as a Demonspawn Necromancer on Feb 23, 2024.
             Was a Follower of Kikubaaqudgha.
             Slain by a killer bee (6 damage)
             ... on level 10 of the Dungeon.
             The game lasted 00:14:15 (10529 turns).

PaiMei the Scholar of Death (DsNe)                 Turns: 10529, Time: 00:14:15

Health: -1/118     AC: 25    Str:  8    XL:     10   Next: 32%
Magic:  36/38      EV:  2    Int: 21    God:    Kikubaaqudgha [*.....]
Gold:   594        SH:  4    Dex: 13    Spells: 10/23 levels left

rFire   . . .        B - +6 falchion (drain)
rCold   . . .        (no shield)
rNeg    . . .        A - melded +3 leather armour {rC+}
rPois   +            (helmet currently unavailable)
rElec   .            (cloak currently unavailable)
rCorr   .            a - melded +0 pair of gloves
SInv    .            (boots currently unavailable)
Will    .....        (no amulet)
Stlth   ++           M - ring of magical power
HPRegen 0.39/turn    G - ring of magical power
MPRegen 0.52/turn

%: no passive effects
@: lethally poisoned (-1 -> -5), tree-form
A: stationary, stasis, torment immunity, boosted hp, (antennae 1), (hooves 1),
magic regeneration, condensation shield, (demonic touch 2)
a: Renounce Religion, Unearth Wretches


You were on level 10 of the Dungeon.
You worshipped Kikubaaqudgha.
Kikubaaqudgha was aware of your devotion.
You were a tree.
You visited 2 branches of the dungeon, and saw 11 of its levels.
You also visited: Ossuary.

You collected 594 gold pieces.

Inventory:

Hand Weapons
 B - a +6 falchion of draining (weapon)
Missiles
 c - 6 throwing nets (quivered)
 v - 12 poisoned darts
 I - 4 curare-tipped darts
Armour
 a - a +0 pair of gloves (melded)
 g - a +1 leather armour of fire resistance
 h - the +1 leather armour of Honesty {rC+ Str+2}
   (You found it on level 6 of the Dungeon)

   Str+2:     It affects your strength (+2).
   rC+:       It protects you from cold.
 u - a +1 helmet
 A - a +3 leather armour of cold resistance (melded)
Jewellery
 p - a ring of protection from cold
 G - a ring of magical power (right branch)
 M - a ring of magical power (left branch)
 N - a +6 ring of dexterity
 P - a ring of fire
 R - a ring of protection from cold
 S - a ring of fire
Wands
 q - a wand of flame (58)
 z - a wand of polymorph (12)
 H - a wand of iceblast (13)
Scrolls
 d - 2 scrolls of enchant armour {unknown}
 f - 4 scrolls of teleportation {unknown}
 j - a scroll of immolation {unknown}
 k - a scroll of fog {unknown}
 l - 2 scrolls of torment {unknown}
 m - a scroll of amnesia {unknown}
 n - 10 scrolls of identify {unknown}
 r - 2 scrolls of fear {unknown}
 s - 3 scrolls of noise {unknown}
 t - 5 scrolls of blinking {unknown}
 y - a scroll of butterflies {unknown}
 F - a scroll of vulnerability {unknown}
 J - 3 scrolls of enchant weapon {unknown}
 O - 2 scrolls of poison {unknown}
Potions
 b - a potion of magic
 e - 4 potions of curing {unknown}
 i - 5 potions of lignification
 o - 2 potions of invisibility {unknown}
 w - 5 potions of mutation {unknown}
 x - 5 potions of heal wounds {unknown}
 C - 3 potions of degeneration {unknown}
 D - 3 potions of attraction {unknown}
 E - 2 potions of might {unknown}
 K - a potion of enlightenment {unknown}
 L - a potion of ambrosia {unknown}
 Q - a potion of brilliance {unknown}


   Skills:
 + Level 7.5 Fighting
 + Level 7.2 Dodging
 - Level 2.0 Stealth
 + Level 7.3 Spellcasting
 + Level 9.6 Necromancy


You had 10 spell levels left.
You knew the following spells:

 Your Spells              Type           Power      Damage    Failure   Level
a - Necrotise             Necr           100%       1d9       1%          1
b - Vampiric Draining     Necr           48%        2d9       1%          3
c - Animate Dead          Necr           48%        N/A       1%          4
d - Curse of Agony        Necr           48%        N/A       4%          5

Your spell library contained the following spells:

 Spells                   Type           Power      Damage    Failure   Level
 Sublimation of Blood     Necr           48%        N/A       1%          2
 Dispel Undead            Necr           48%        3d18      1%          4
 Cigotuvi's Dreadful Rot  Necr/Alch/Air  42%        N/A       3%          2
 Anguish                  Hex/Necr       13%        N/A       12%         4
 Martyr's Knell           Necr/Summ      27%        N/A       12%         4
 Static Discharge         Conj/Air       14%        3-4/arc   13%         2
 Call Canine Familiar     Summ           7%         N/A       26%         3
 Frozen Ramparts          Ice            14%        1d3       26%         3
 Sigil of Binding         Hex            7%         N/A       26%         3
 Death Channel            Necr           24%        N/A       26%         6
 Airstrike                Air            3%         2d(1-17)  65%         4
 Cause Fear               Hex            3%         N/A       65%         4
 Dimensional Bullseye     Hex/Tloc       3%         N/A       65%         4
 Leda's Liquefaction      Alch/Erth      3%         N/A       65%         4
 Petrify                  Alch/Erth      7%         N/A       65%         4
 Summon Lightning Spire   Summ/Air       7%         N/A       65%         4
 Metabolic Englaciation   Hex/Ice        3%         N/A       94%         5
 Enfeeble                 Hex            3%         N/A       100%        7


Dungeon Overview and Level Annotations

Branches:
Dungeon (10/15)            Temple (1/1) D:6            Lair (0/5) D:9
Ossuary (visited)
    Orc: D:9-12

Altars:
Ashenzari
Cheibriados
Dithmenos
Fedhas
Gozag
Hepliaklqana
Kikubaaqudgha
Makhleb
Nemelex Xobeh
Okawaru
Qazlal
Ru
Sif Muna
Trog
Uskayaw
Vehumet
Wu Jian
Xom
Yredelemnul

Shops:
D:9 [


Innate Abilities, Weirdness & Mutations

You are a tree.
Your roots penetrate the ground, keeping you stationary.
You cannot be teleported.
You are immune to unholy pain and torment.
Your maximum health is greatly increased.
Your equipment is partially melded.
((You have a pair of small antennae on your head.))
((You have large cloven feet.))
You regenerate magic rapidly.
A meltable shield of frost defends you. (SH +4)
((Your touch may inflict irresistible damage on your foes.))


Message History

Kikubaaqudgha accepts your kill.
You feel life coursing into your body.
You feel sick.
The killer bee stings you but does no damage.
You feel sick. The killer bee barely misses you.
The killer bee stings you but does no damage.
You feel sick. The killer bee stings you.
You are more poisoned.
The killer bee poisons you!
You feel very sick. The killer bee closely misses you.
You feel sick. The killer bee completely misses you.
You feel sick.
The killer bee attacks as it pursues you!
The killer bee stings you.
The cyclops throws a large rock.
The large rock hits you!!
* * * LOW HITPOINT WARNING * * *
You block the killer bee's attack.
You feel sick.
You feel sick.
The killer bee attacks as it pursues you!
The killer bee stings you but does no damage.
The killer bee closely misses you.
You feel sick.
The killer bee attacks as it pursues you!
You block the killer bee's attack. The killer bee stings you.
* * * LOW HITPOINT WARNING * * *
You are lethally poisoned!
The killer bee poisons you!
* * * LOW HITPOINT WARNING * * *
You feel sick. The killer bee completely misses you.
There is a stone staircase leading up here.
It was a potion of lignification.
You turn into a tree.
Your +0 pair of gloves melds into your body.
Your +3 leather armour of cold resistance melds into your body.
You feel less resistant to cold.
Your roots penetrate the ground.
You feel sick.
The killer bee stings you but does no damage.
The killer bee stings you.
You die...
Kikubaaqudgha rasps: "You have failed me!
Welcome... death!"

# #....... #. #.......
.# # . #...... .#.. ..
#....>. ###.#..
..#####.#.#.# #......
........#.#####o...8.
#.#...##..y..y...... .
#..♣y.##).#####..#..
......##.T##..###....#
#.###......y..#OT....###
.......#C....†#####..#
......................
........#.....##.###.#
#####.................
#..#....#....O....
........##.........


You could see a cyclops, a troll and 2 killer bees.

Vanquished Creatures
  A two-headed ogre (D:9)
  Prince Ribbit (D:7)
  A shadow (D:8)
  Eustachio (D:4)
  2 wyverns (D:8)
  A yak (D:9)
  2 steam dragons (D:9)
  A water moccasin (D:5)
  An ice beast (D:4)
  2 orc warriors
  A sky beast (D:8)
  2 black bears (D:6)
  3 centaurs (D:9)
  2 phantoms (D:5)
  A weeping skull (D:4)
  5 bullfrogs
  3 scorpions
  A burial acolyte (Ossuary)
  5 water moccasin zombies (Ossuary)
  11 killer bees
  2 howler monkeys
  A bombardier beetle (D:3)
  4 hounds
  An orc priest (D:7)
  2 gnoll boudas
  2 human zombies (D:5)
  2 jellies
  A sleepcap (D:7)
  Ijyb (D:4)
  4 orc wizards
  An iguana (D:6)
  2 crocodile zombies (Ossuary)
  2 mummies (Ossuary)
  5 adders
  12 gnolls
  A shadow imp (D:5)
  2 white imps
  A ribbon worm zombie (D:5)
  6 adder zombies (Ossuary)
  A dart slug (D:1)
  A ribbon worm (D:3)
  18 orcs
  5 bats
  2 endoplasms
  7 giant cockroaches
  4 gnoll zombies (Ossuary)
  8 goblins
  8 hobgoblins
  4 jackals (D:5)
  5 quokkas
  5 ball pythons
  2 frilled lizards
  5 jackal zombies (Ossuary)
  3 kobolds
  A kobold zombie (D:5)
  3 orc zombies (Ossuary)
  6 rats
  A spectral orc (D:4)
188 creatures vanquished.

Vanquished Creatures (collateral kills)
  A giant cockroach (D:1)
  A goblin (D:3)
  A bat (D:1)
3 creatures vanquished.

Grand Total: 191 creatures vanquished

Notes
Turn   | Place    | Note
-------+----------+-------------------------------------------
     0 | D:1      | PaiMei the Demonspawn Necromancer began the quest for the
                  | Orb.
     0 | D:1      | Reached XP level 1. HP: 13/13 MP: 3/3
   241 | D:1      | Discovered your monstrous ancestry.
   241 | D:1      | Gained mutation: You have large cloven feet. [demonic
                  | ancestry]
   241 | D:1      | Reached XP level 2. HP: 19/19 MP: 3/5
   737 | D:1      | Reached XP level 3. HP: 25/25 MP: 3/6
  1314 | D:2      | Reached skill level 1 in Fighting
  1323 | D:2      | Gained mutation: You regenerate magic rapidly. [demonic
                  | ancestry]
  1323 | D:2      | Reached XP level 4. HP: 14/32 MP: 0/7
  1717 | D:1      | Reached skill level 5 in Necromancy
  2953 | D:3      | Found a snail-covered altar of Cheibriados.
  2961 | D:3      | Gained mutation: Your touch may inflict minor irresistible
                  | damage on your foes. [demonic ancestry]
  2961 | D:3      | Reached XP level 5. HP: 38/38 MP: 4/9
  2965 | D:3      | Learned a level 3 spell: Vampiric Draining
  2970 | D:3      | Learned a level 4 spell: Animate Dead
  3370 | D:4      | Found a hazy altar of Hepliaklqana.
  3439 | D:4      | Noticed an ice beast
  3599 | D:4      | Killed an ice beast
  3600 | D:4      | Gained mutation: A meltable shield of frost defends you.
                  | (SH +4) [demonic ancestry]
  3600 | D:4      | Reached XP level 6. HP: 34/46 MP: 2/11
  3683 | D:4      | Found a sparkling altar of Nemelex Xobeh.
  3728 | D:4      | Found a basalt altar of Yredelemnul.
  3938 | D:4      | Noticed Ijyb
  3954 | D:4      | Killed Ijyb
  3974 | D:4      | Noticed Eustachio
  4400 | D:4      | Killed Eustachio
  4401 | D:4      | Reached skill level 6 in Necromancy
  4401 | D:4      | Reached XP level 7. HP: 27/52 MP: 2/12
  4516 | D:4      | Found a bloodstained altar of Trog.
  4664 | D:4      | Found a radiant altar of Vehumet.
  4905 | D:5      | Entered Level 5 of the Dungeon
  4905 | D:5      | Found a sand-covered staircase.
  5001 | Ossuary  | Entered an ossuary
  5210 | Ossuary  | Reached XP level 8. HP: 52/60 MP: 14/14
  5473 | D:5      | Reached skill level 7 in Necromancy
  5721 | D:5      | Reached skill level 5 in Spellcasting
  6138 | D:5      | Reached skill level 5 in Dodging
  6382 | D:6      | Reached skill level 5 in Fighting
  6793 | D:6      | Found a staircase to the Ecumenical Temple.
  6967 | D:6      | Found a shimmering blue altar of Sif Muna.
  7093 | D:6      | Identified the +1 leather armour of Honesty {rC+ Str+2}
  7237 | D:7      | Learned a level 5 spell: Curse of Agony
  7277 | D:7      | Noticed Prince Ribbit
  7290 | D:7      | Killed Prince Ribbit
  7291 | D:7      | Reached skill level 8 in Necromancy
  7291 | D:7      | Gained mutation: Your touch may inflict irresistible damage
                  | on your foes. [demonic ancestry]
  7291 | D:7      | Reached XP level 9. HP: 69/69 MP: 12/17
  7990 | D:7      | Found an opulent altar of Gozag.
  8240 | Temple   | Entered the Ecumenical Temple
  8270 | Temple   | Became a worshipper of Kikubaaqudgha
  8674 | D:8      | Noticed a two-headed ogre
  8709 | D:8      | Found a broken altar of Ashenzari.
  9113 | D:8      | Found a burning altar of Makhleb.
  9154 | D:8      | Reached * piety under Kikubaaqudgha
  9154 | D:8      | Received a gift from Kikubaaqudgha
  9225 | D:8      | Found a blossoming altar of Fedhas.
  9230 | D:8      | Reached skill level 9 in Necromancy
  9398 | D:9      | Noticed a two-headed ogre
  9410 | D:9      | Killed a two-headed ogre
  9411 | D:9      | Gained mutation: You have a pair of small antennae on your
                  | head. [demonic ancestry]
  9411 | D:9      | Reached XP level 10. HP: 79/79 MP: 20/20
  9639 | D:9      | Found Vauvyora's Antique Armour Shop.
  9874 | D:9      | Found a staircase to the Lair.
 10489 | D:10     | Entered Level 10 of the Dungeon
 10502 | D:10     | Noticed a cyclops
 10502 | D:10     | Noticed a two-headed ogre
 10528 | D:10     | HP: 3/79 [poisoned by a killer bee]
 10529 | D:10     | Slain by a killer bee

Illustrated notes

Levels and vault maps discovered:
D:1:      pf_arrival_petrified_forest, layout_basic, serial_bayou_pond_a,
          nicolae_grassy_gnolls
D:2:      layout_loops_corners, minmay_pentomino_p2
D:3:      layout_loops_cross, slow_altar_2
D:4:      layout_rooms, nemelex_diamond_rough_becter,
          mainiacjoe_overflow_tiny_flanked,
          chequers_temple_overflow_statue_of_worship, kennysheep_mini,
          yredelemnul_forgotten_temple_becter, mainiacjoe_overflow_alcove_1,
          minmay_statues_item, uniq_eustachio, uniq_ijyb
D:5:      layout_gridville, enter_ossuary_3
D:6:      layout_rooms, nicolae_sif_muna_condensation, temple_pool_b
D:7:      layout_loops_ring, lemuel_coloured_pillars_altar, uniq_prince_ribbit1
D:8:      layout_basic, evilmike_ruin_ashenzari, mainiacjoe_overflow_big_doors,
          minmay_fractal_squares_5
D:9:      kennysheep_blocky_hall, layout_loops_ring, dpeg_oklobed_lair,
          serial_shops, shop
D:10:     layout_rooms, david_orc_2, serial_shops, shop,
          hangedman_decor_riveting
Temple:   kb_temple_of_zot

Skill      XL: |  1  2  3  4  5  6  7  8  9 10 |
---------------+-------------------------------+-----
Dodging        | 2 3 4 5 6 7 |  7.2
Stealth        | 2 |  2.0
Fighting       | 1 2 3 4 5 7 |  7.5
Necromancy     | 5 6 8 9 |  9.6
Spellcasting   | 3 4 5 6 7 |  7.3

Action                     |  1- 3 |  4- 6 |  7- 9 | 10-12 || total
---------------------------+-------+-------+-------+-------++-------
  Melee: Unarmed           |     4 |     3 |       |       ||     7
         Whip              |     2 |       |       |       ||     2
         Mace              |     6 |    12 |       |       ||    18
         Kick              |     2 |     5 |    54 |     5 ||    66
         Punch             |     1 |       |     2 |       ||     3
         Touch             |       |     2 |    46 |     4 ||    52
         Falchion          |       |       |   174 |    14 ||   188
   Cast: Necrotise         |    57 |    97 |    92 |    16 ||   262
         Vampiric Draining |       |     8 |    69 |    25 ||   102
    Use: Potion            |       |       |       |     1 ||     1
   Stab: Sleeping          |       |       |     1 |       ||     1
 Armour: Robe              |     5 |       |       |       ||     5
         Leather armour    |    21 |    37 |   156 |    68 ||   282
         Skin              |       |     5 |       |     2 ||     7
  Dodge: Dodged            |    16 |    42 |   146 |    66 ||   270
  Block: Other             |       |     5 |    37 |    19 ||    61
